Workbook
Name AbaDeprec: '5. Depreciação'!$A$1
Name AbaRemun: '6.Remuneração de capital'!$A$1

Sheet 1. Coleta Domiciliar
A1: Orientações para preenchimento:
A2: 1. Esta planilha é somente um modelo-base, devendo ser adaptada para cada caso concreto.
A3: Qualquer custo previsto no edital e não contemplado nesta planilha deverá ser devidamente incluído.
A4: 2. Antes de preenchê-la, leia a Orientação Técnica - Serviço de coleta de resíduos sólidos domiciliares
A5: 3. Preencher somente células em amarelo
A6: 4. As células azuis deverão ter seus valores preenchidos em outra planilha do arquivo.
A8: O TCE/RS não se responsabiliza pelo uso incorreto desta planilha.
A9: O orçamento deve ser realizado por responsável técnico habilitado e é de responsabilidade do seu autor.
A11: 1. Coleta de Resíduos Sólidos
A12: Planilha de Composição de Custos
A14: Orçamento Sintético
A15: Descrição do Item | E15: Custo (R$/mês) | F15: %
A16: =A53 -> 1. Mão-de-obra | E16: =+F143 -> 2222.4893 | F16: =IFERROR(E16/$E$36,0) -> 0.15503949
A17: =A55 -> 1.1. Coletor Turno Dia | E17: =F66 -> 1258.798 | F17: =IFERROR(E17/$E$36,0) -> 0.087812983
A18: =A68 -> 1.2. Coletor Turno Noite | E18: =F85 -> 0 | F18: =IFERROR(E18/$E$36,0) -> 0
A19: =A87 -> 1.3. Motorista Turno do Dia | E19: =F100 -> 704.68896 | F19: =IFERROR(E19/$E$36,0) -> 0.049158672
A20: =A102 -> 1.4. Motorista Turno Noite | E20: =F121 -> 0 | F20: =IFERROR(E20/$E$36,0) -> 0
A21: =A123 -> 1.5. Vale Transporte | E21: =F129 -> 0 | F21: =IFERROR(E21/$E$36,0) -> 0
A22: =A131 -> 1.6. Vale-refeição (diário) | E22: =F135 -> 0 | F22: =IFERROR(E22/$E$36,0) -> 0
A23: =A137 -> Vale-refeição (diário) | E23: =F141 -> 259.00228 | F23: =IFERROR(E23/$E$36,0) -> 0.018067841
A24: =A145 -> 2. Uniformes e Equipamentos de Proteção Individual | E24: =+F177 -> 108.29976 | F24: =IFERROR(E24/$E$36,0) -> 0.007554925
A25: =A179 -> 3. Veículos e Equipamentos | E25: =+F258 -> 9170.162 | F25: =IFERROR(E25/$E$36,0) -> 0.6397049
A26: =A181 -> 3.1. Veículo Coletor Compactador 12 m³ | E26: =SUM(E27:E32) -> 9170.162 | F26: =IFERROR(E26/$E$36,0) -> 0.6397049
A27: =A183 -> 3.1.1. Depreciação | E27: =F197 -> 513.45625 | F27: =IFERROR(E27/$E$36,0) -> 0.035818394
A28: =A199 -> 3.1.2. Remuneração do Capital | E28: =F213 -> 1035.0356 | F28: =IFERROR(E28/$E$36,0) -> 0.072203453
A29: =A215 -> 3.1.3. Impostos e Seguros | E29: =F221 -> 84.020903 | F29: =IFERROR(E29/$E$36,0) -> 0.0058612469
A30: =A223 -> 3.1.4. Consumos | E30: =F241 -> 4742.5334 | F30: =IFERROR(E30/$E$36,0) -> 0.33083623
A31: =A243 -> 3.1.5. Manutenção | E31: =F246 -> 2349.45 | F31: =IFERROR(E31/$E$36,0) -> 0.1638962
A32: =A248 -> 3.1.6. Pneus | E32: =F255 -> 445.66586 | F32: =IFERROR(E32/$E$36,0) -> 0.031089378
A33: =A260 -> 4. Ferramentas e Materiais de Consumo | E33: =+F270 -> 31.621667 | F33: =IFERROR(E33/$E$36,0) -> 0.0022059082
A34: =A272 -> 5. Monitoramento da Frota | E34: =+F281 -> 0 | F34: =IFERROR(E34/$E$36,0) -> 0
A35: =A285 -> 6. Benefícios e Despesas Indiretas - BDI | E35: =+F291 -> 2802.4152 | F35: =IFERROR(E35/$E$36,0) -> 0.19549477
A36: PREÇO TOTAL MENSAL COM A COLETA E TRANSPORTE | E36: =E16+E24+E25+E33+E34+E35 -> 14334.988 | F36: =F16+F24+F25+F33+F34+F35 -> 1
A39: Quantitativos
A40: Mão-de-obra | E40: Quantidade
A41: =+A55 -> 1.1. Coletor Turno Dia | E41: 2
A42: =+A68 -> 1.2. Coletor Turno Noite | E42: =C84 -> 0
A43: =+A87 -> 1.3. Motorista Turno do Dia | E43: 1
A44: =+A102 -> 1.4. Motorista Turno Noite | E44: =C120 -> 0
A45: Total de mão-de-obra (postos de trabalho) | E45: =SUM(E41:E44) -> 3
A47: Veículos e Equipamentos | E47: Quantidade
A48: =+A181 -> 3.1. Veículo Coletor Compactador 12 m³ | E48: 1
A51: Fator de utilização (FU) | B51: 0.2159
A53: 1. Mão-de-obra
A55: 1.1. Coletor Turno Dia
A56: Discriminação | B56: Unidade | C56: Quantidade | D56: Custo unitário | E56: Subtotal | F56: Total (R$)
A57: Piso da categoria | B57: mês | C57: 1 | D57: 2082.31 | E57: =C57*D57 -> 2082.31
A58: Horas Extras (100%) | B58: hora | C58: 0 | D58: =D57/220*2 -> 18.930091 | E58: =C58*D58 -> 0
A59: Horas Extras (50%) | B59: hora | C59: 0 | D59: =D57/220*1.5 -> 14.197568 | E59: =C59*D59 -> 0
A60: Descanso Semanal Remunerado (DSR) - hora extra | B60: R$ | D60: =63/302*(SUM(E58:E59)) -> 0 | E60: =D60 -> 0
A61: Adicional de Insalubridade | B61: % | C61: 40 | D61: =SUM(E57:E60) -> 2082.31 | E61: =C61*D61/100 -> 832.924
A62: Soma | E62: =SUM(E57:E61) -> 2915.234
A63: Encargos Sociais | B63: % | D63: =E62 -> 2915.234 | E63: =D63*C63/100 -> 0
A64: Total por Coletor | E64: =E62+E63 -> 2915.234
A65: Total do Efetivo | B65: homem | C65: 2 | D65: =E64 -> 2915.234 | E65: =C65*D65 -> 5830.468
D66: Fator de utilização | E66: =$B$51 -> 0.2159 | F66: =E65*E66 -> 1258.798
A68: 1.2. Coletor Turno Noite
A69: Discriminação | B69: Unidade | C69: Quantidade | D69: Custo unitário | E69: Subtotal | F69: Total (R$)
A70: Piso da categoria | B70: mês | C70: 1 | D70: =D57 -> 2082.31 | E70: =C70*D70 -> 2082.31
A71: Adicional Noturno | B71: horas trabalhadas | C71: 0
B72: hora contabilizada | C72: =C71*8/7 -> 0 | D72: =D70/220*0.2 -> 1.8930091 | E72: =C72*D72 -> 0
A73: Horas Extras (100%) | B73: hora | C73: 0 | D73: =D70/220*2 -> 18.930091 | E73: =C73*D73 -> 0
A74: Horas Extras Noturnas (100%) | B74: horas trabalhadas | C74: 0
B75: hora contabilizada | C75: =C74*8/7 -> 0 | D75: =D70/220*2*1.2 -> 22.716109 | E75: =C75*D75 -> 0
A76: Horas Extras (50%) | B76: hora | C76: 0 | D76: =D70/220*1.5 -> 14.197568 | E76: =C76*D76 -> 0
A77: Horas Extras Noturnas (50%) | B77: horas trabalhadas | C77: 0
B78: hora contabilizada | C78: =C77*8/7 -> 0 | D78: =D70/220*1.5*1.2 -> 17.037082 | E78: =C78*D78 -> 0
A79: Descanso Semanal Remunerado (DSR) - hora extra | B79: R$ | D79: =63/302*(SUM(E73:E78)) -> 0 | E79: =D79 -> 0
A80: Adicional de Insalubridade | B80: % | C80: =+C61 -> 40 | D80: =SUM(E70:E79) -> 2082.31 | E80: =C80*D80/100 -> 832.924
A81: Soma | E81: =SUM(E70:E80) -> 2915.234
A82: Encargos Sociais | B82: % | C82: ='2.Encargos Sociais'!$C$37*100 -> 70.595952 | D82: =E81 -> 2915.234 | E82: =D82*C82/100 -> 2058.0372
A83: Total por Coletor | E83: =E81+E82 -> 4973.2712
A84: Total do Efetivo | B84: homem | C84: 0 | D84: =E83 -> 4973.2712 | E84: =C84*D84 -> 0
D85: Fator de utilização | E85: =$B$51 -> 0.2159 | F85: =E84*E85 -> 0
A87: 1.3. Motorista Turno do Dia
A88: Discriminação | B88: Unidade | C88: Quantidade | D88: Custo unitário | E88: Subtotal | F88: Total (R$)
A89: Piso da categoria (2) | B89: mês | C89: 1 | D89: 2331.4 | E89: =C89*D89 -> 2331.4
A90: Salário mínimo nacional (1) | B90: mês | C90: 1 | D90: 1621
A91: Horas Extras (100%) | B91: hora | C91: 0 | D91: =D89/220*2 -> 21.194545 | E91: =C91*D91 -> 0
A92: Horas Extras (50%) | B92: hora | C92: 0 | D92: =D89/220*1.5 -> 15.895909 | E92: =C92*D92 -> 0
A93: Descanso Semanal Remunerado (DSR) - hora extra | B93: R$ | D93: =63/302*(SUM(E91:E92)) -> 0 | E93: =D93 -> 0
A94: Base de cálculo da Insalubridade | C94: 2
A95: Adicional de Insalubridade | B95: % | C95: 40 | D95: =IF(C94=2,SUM(E89:E93),IF(C94=1,(SUM(E89:E93))*D90/D89,0)) -> 2331.4 | E95: =C95*D95/100 -> 932.56
A96: Soma | E96: =SUM(E89:E95) -> 3263.96
A97: Encargos Sociais | B97: % | D97: =E96 -> 3263.96 | E97: =D97*C97/100 -> 0
A98: Total por Motorista | E98: =E96+E97 -> 3263.96
A99: Total do Efetivo | B99: homem | C99: 1 | D99: =E98 -> 3263.96 | E99: =C99*D99 -> 3263.96
D100: Fator de utilização | E100: =$B$51 -> 0.2159 | F100: =E99*E100 -> 704.68896
A102: 1.4. Motorista Turno Noite
A103: Discriminação | B103: Unidade | C103: Quantidade | D103: Custo unitário | E103: Subtotal | F103: Total (R$)
A104: Piso da categoria (2) | B104: mês | C104: 1 | D104: =D89 -> 2331.4 | E104: =C104*D104 -> 2331.4
A105: Salário mínimo nacional (1) | B105: mês | C105: 1 | D105: =D90 -> 1621
A106: Adicional Noturno | B106: horas trabalhadas | C106: 0
B107: hora contabilizada | C107: =C106*8/7 -> 0 | D107: =D104/220*0.2 -> 2.1194545 | E107: =C107*D107 -> 0
A108: Horas Extras (100%) | B108: hora | C108: 0 | D108: =D104/220*2 -> 21.194545 | E108: =C108*D108 -> 0
A109: Horas Extras Noturnas (100%) | B109: horas trabalhadas | C109: 0
B110: hora contabilizada | C110: =C109*8/7 -> 0 | D110: =D104/220*2*1.2 -> 25.433455 | E110: =C110*D110 -> 0
A111: Horas Extras (50%) | B111: hora | C111: 0 | D111: =D104/220*1.5 -> 15.895909 | E111: =C111*D111 -> 0
A112: Horas Extras Noturnas (50%) | B112: horas trabalhadas | C112: 0
B113: hora contabilizada | C113: =C112*8/7 -> 0 | D113: =D104/220*1.5*1.2 -> 19.075091 | E113: =C113*D113 -> 0
...

Sheet 2.Encargos Sociais
A1: Orientações para preenchimento:
A2: 1. Preencha previamente os dados de entrada na planilha 3.CAGED
A4: O TCE/RS não se responsabiliza pelo uso incorreto desta planilha.
A5: O orçamento deve ser realizado por responsável técnico habilitado e é de responsabilidade do seu autor.
A7: 2. Composição dos Encargos Sociais
A8: Código | B8: Descrição | C8: Valor
A9: A1 | B9: INSS | C9: 0.2
A10: A2 | B10: SESI | C10: 0.015
A11: A3 | B11: SENAI | C11: 0.01
A12: A4 | B12: INCRA | C12: 0.002
A13: A5 | B13: SEBRAE | C13: 0.006
A14: A6 | B14: Salário educação | C14: 0.025
A15: A7 | B15: Seguro contra acidentes de trabalho | C15: 0.03
A16: A8 | B16: FGTS | C16: 0.08
A17: A | B17: SOMA GRUPO A | C17: =SUM(C9:C16) -> 0.368
A19: B1 | B19: Férias gozadas | C19: =ROUND(IF('3.CAGED'!C28>24,(1-12/'3.CAGED'!C28)*0.1111,0.1111-C28),4) -> 0.0619
A20: B2 | B20: 13º salário | C20: =ROUND('3.CAGED'!C32/'3.CAGED'!C29,4) -> 0.0833
A21: B3 | B21: Licença Paternidade | C21: 0.0006
A22: B4 | B22: Faltas justificadas | C22: 0.0082
A23: B5 | B23: Auxilio acidente de trabalho | C23: 0.0031
A24: B6 | B24: Auxilio doença | C24: 0.0166
A25: B | B25: SOMA GRUPO B | C25: =SUM(C19:C24) -> 0.1737
A27: C1 | B27: Aviso prévio indenizado | C27: =ROUND(('3.CAGED'!C33) *'3.CAGED'!C26/'3.CAGED'!C29,4) -> 0.0256
A28: C2 | B28: Férias indenizadas | C28: =ROUND(IF('3.CAGED'!C28>12,12/'3.CAGED'!C28*0.1111,0.1111),4) -> 0.0492
A29: C3 | B29: Férias indenizadas s/ aviso previo inden. | C29: =C27*C28 -> 0.00125952
A30: C4 | B30: Depósito rescisão sem justa causa | C30: =ROUND(('3.CAGED'!C29+'3.CAGED'!C30+'3.CAGED'!C32)/'3.CAGED'!C27*'3.CAGED'!C34*'3.CAGED'!C35*'3.CAGED'!C26/'3.CAGED'!C29,4) -> 0.0205
A31: C5 | B31: Indenização adicional | C31: =ROUND(('3.CAGED'!C31/'3.CAGED'!C29)*'3.CAGED'!C26/12,4) -> 0.0018
A32: C | B32: SOMA GRUPO C | C32: =SUM(C27:C31) -> 0.09835952
A34: D1 | B34: Reincidência de Grupo A sobre Grupo B | C34: =ROUND(C17*C25,4) -> 0.0639
A35: D2 | B35: Reincidência de FGTS sobre aviso prévio indenizado | C35: =ROUND((C27*C16),4) -> 0.002
A36: D | B36: SOMA GRUPO D | C36: =SUM(C34:C35) -> 0.0659
B37: SOMA (A+B+C+D) | C37: =C36+C32+C25+C17 -> 0.70595952

Sheet 3.CAGED
A1: CÁLCULO DAS VERBAS INDENIZATÓRIAS DOS EMPREGADOS NO SETOR DE COLETA DE RSU
A3: Tendo em vista que o CAGED foi descontinuado em janeiro de 2020, esta planilha foi atualizada até 31/12/2019.
A5: Preencha as células em amarelo
B7: 3. CAGED
B8: Rio Grande do Sul - Coleta de Resíduos Não-Perigosos - CNAE 38114
B9: Admissões | C9: 2100
B10: Desligamentos | C10: 2031
B11: Dispensados com justa causa | C11: 44
B12: Dispensados sem justa causa | C12: 1192
B13: Espontâneos | C13: 372
B14: Fim de contrato por prazo determinado | C14: 22
B15: Término de contrato | C15: 350
B16: Aposentados | C16: 1
B17: Mortos | C17: 30
B18: Transferência de saída | C18: 0
B19: Acordo | C19: 0
B20: Indicadores
B21: Estoque recuperado início do Período 01-01-2019 | C21: 4625
B22: Estoque recuperado final do Período 31-12-2019 | C22: 4694
B23: Variação Emprego Absoluta de 01-01-2019 a 31-12-2019 | C23: =C9-C10 -> 69
B25: Estoque Médio | C25: =MEDIAN(C21,C22) -> 4659.5
B26: % Demitidos s/ Justa Causa em relação ao Estoque Médio | C26: =C12/C25 -> 0.25582144
B27: Taxa de Rotatividade | C27: =MEDIAN(C9,C10)/C25 -> 0.44328791
B28: Rotatividade temporal (meses) | C28: =12/C27 -> 27.070443
B29: Dias ano | C29: 360
B30: 1/3 de férias (dias) | C30: 10
B31: Férias (dias) | C31: 30
B32: 13º Salário (dias) | C32: 30
B33: Dias de Aviso prévio | C33: =30+(3*TRUNC(1/C27)) -> 36
B34: FGTS | C34: 0.08
B35: Multa FGTS | C35: 0.4 | D35: Ajustado, de acordo com a nova Lei Federal nº 13.932/2019

Sheet 4.BDI
A1: Orientações para preenchimento:
A2: 1. Esta planilha é somente um modelo-base e deve ser ajustada conforme cada caso concreto.
A3: 2. Preencher somente células em amarelo
A5: O TCE/RS não se responsabiliza pelo uso incorreto desta planilha.
A6: O orçamento deve ser realizado por responsável técnico habilitado e é de responsabilidade do seu autor.
A8: 4. Composição do BDI - Benefícios e Despesas Indiretas
D10: Referência estudo TCE
D11: 1° Quartil | E11: Médio | F11: 3° Quartil
A12: Administração Central | B12: AC | C12: 0.06 | D12: 0.0297 | E12: 0.0508 | F12: 0.0627
A13: Seguros/Riscos/Garantias | B13: SRG | C13: 0.01 | D13: =0.3%+0.56% -> 0.0086 | E13: =0.48%+0.85% -> 0.0133 | F13: =0.82%+0.89% -> 0.0171
A14: Lucro | B14: L | C14: 0.09 | D14: 0.0778 | E14: 0.1085 | F14: 0.1355
A15: Despesas Financeiras | B15: DF | C15: =(1+E15)^(E16/252)-1 -> 0.005561517 | D15: i | E15: 0.15
A16: Tributos - ISS | B16: T | C16: 0.02 | D16: DU | E16: 10
A17: Tributos - PIS/COFINS | C17: 0.0365
A18: Fórmula para o cálculo do BDI:
A19: {[(1+AC+SRG) x (1+L) x (1+DF)] / (1-T)} -1
A20: Resultado do cálculo do BDI: | C20: =ROUND((((1+C12+C13)*(1+C14)*(1+C15))/(1-(C16+C17))-1),4) -> 0.243 | D20: 0.2143 | E20: 0.2717 | F20: 0.3362

Sheet 5. Depreciação
A1: 5. Depreciação Referencial TCE/RS (%)
A2: Idade do veículo (ano) | B2: Depreciação Média
A3: 1 | B3: 33.63
A4: 2 | B4: 43.13
A5: 3 | B5: 48.68
A6: 4 | B6: 52.62
A7: 5 | B7: 55.68
A8: 6 | B8: 58.18
A9: 7 | B9: 60.29
A10: 8 | B10: 62.12
A11: 9 | B11: 63.73
A12: 10 | B12: 65.18
A13: 11 | B13: 66.48
A14: 12 | B14: 67.67
... A17: 15 | B17: 70.73

Sheet 6.Remuneração de capital
A1: 6. Remuneração de Capital
A3: Fórmula de cálculo da remuneração de capital:
A12: Jm = remuneração de capital mensal
A13: i = taxa de juros do mercado (sugere-se adotar a taxa SELIC)
A14: Im = investimento médio
A15: V0 = valor inicial do bem
A16: Vr = valor residual do bem
A17: n = vida útil do bem em anos

Sheet 7. Dimensionamento
A1: Orientações para preenchimento:
A2: 1. Esta planilha é somente um modelo de cálculo expedito e deve ser ajustada conforme cada caso concreto.
A3: 2. Dimensionar separadamente setores atendidos por veículos de capacidade de carga diferentes.
A4: 3. Preencher somente células em amarelo
A6: O TCE/RS não se responsabiliza pelo uso incorreto desta planilha.
A7: O orçamento deve ser realizado por responsável técnico habilitado e é de responsabilidade do seu autor.
A9: 7. Dimensionamento da frota
A11: Indicador | B11: Unid | C11: Valor
A12: População (H) | B12: hab | C12: 813
A13: Geração per capita (G) | B13: Kg/hab.dia | C13: =C14/C12 -> 0.0038376384
A14: Geração total diária (Qd) | B14: ton/dia | C14: 3.12
A15: Geração Mensal | B15: ton | C15: 27.14
A16: Número de dias de coleta por semana (Dc) | B16: dia | C16: 2
A17: Quantitativo diário de coleta (Qc) | B17: ton/dia | C17: 3.12
A18: Densidade RSU compactado | B18: Kg/m³ | C18: 500
A19: Tipo de Veículo (1 = toco, 2 = truck) | C19: 1
A20: Capacidade do Compactador | B20: m³ | C20: 12
A21: Capacidade nominal de carga (Cc) | B21: ton | C21: =IF(AND(C20>=15,C19=1),5.8,C20/2) -> 6
A22: Número de Cargas por dia (Nc) | C22: =IFERROR(C17/C21,0) -> 0.52
A23: Número total de percursos de coleta por veículo, por dia (Np) | C23: 1
A24: Número de veículos da Frota (F) | C24: =IFERROR(C22/C23,0) -> 0.52
